 Dungeon Crawl Stone Soup version 0.22-a0-533-g4d20840 (webtiles) character file.

18047 kae the Fencer (level 12, -4/110 HPs)
             Began as a Minotaur Fighter on June 22, 2018.
             Was a Priest of Makhleb.
             Asphyxiated
             ... on level 3 of the Lair of Beasts.
             The game lasted 00:12:29 (13458 turns).

kae the Fencer (Minotaur Fighter)                  Turns: 13458, Time: 00:12:29

Health: -4/110     AC: 18    Str: 23    XL:     12   Next: 24%
Magic:  17/17      EV:  8    Int:  7    God:    Makhleb [***...]
Gold:   822        SH:  0    Dex: 11    Spells: 11/11 levels left

rFire    . . .     SeeInvis .   u - +7 double sword (vamp)
rCold    . . .     Gourm    .   (no shield)
rNeg     + + .     Faith    .   q - +1 chain mail {rN+}
rPois    .         Spirit   .   e - +2 hat {MR+}
rElec    .         Reflect  .   (no cloak)
rCorr    +         Harm     .   H - +0 pair of gloves
MR       +....                  I - +0 pair of boots
Stlth    ..........             F - amulet of magic regeneration
HPRegen  0.28/turn              s - ring of positive energy
MPRegen  0.40/turn              w - ring of resist corrosion

@: lethally poisoned (-4 -> -39), slowed, very slow
A: retaliatory headbutt, horns 2
a: Minor Destruction, Lesser Servant of Makhleb, Renounce Religion


You were on level 3 of the Lair of Beasts.
You worshipped Makhleb.
Makhleb was most pleased with you.
You were hungry.

You visited 3 branches of the dungeon, and saw 15 of its levels.
You also visited: Ossuary.

You collected 921 gold pieces.
You spent 99 gold pieces at shops.

Inventory:

Hand Weapons
 a - a +0 long sword
 k - a +0 falchion
 m - a +2 falchion of slicing
 u - a +7 vampiric double sword (weapon)
 v - the +1 scimitar "Loopy" {freeze, rPois Dex+2}
   (You found it on level 5 of the Dungeon)

   It has been specially enchanted to freeze those struck by it, causing extra
   injury to most foes and up to half again as much damage against particularly
   susceptible opponents.
   It can also slow down cold-blooded creatures.
   It affects your dexterity (+2).
   It protects you from poison.
Armour
 e - a +2 hat of magic resistance (worn)
 q - a +1 chain mail of positive energy (worn)
 H - a +0 pair of gloves (worn)
 I - a +0 pair of boots (worn)
Jewellery
 s - a ring of positive energy (left hand)
 w - a ring of resist corrosion (right hand)
 B - an uncursed ring of ice
 F - an amulet of magic regeneration (around neck)
 J - an uncursed ring of fire
Wands
 l - a wand of clouds (11)
 p - a wand of scattershot (5)
 t - a wand of polymorph (28)
 E - a wand of random effects (38)
Scrolls
 b - a scroll of blinking
 c - 4 scrolls of identify
 d - 11 scrolls of remove curse
 h - 11 scrolls of teleportation
 n - 2 scrolls of enchant armour
 y - 4 scrolls of amnesia
 z - a scroll of random uselessness
Potions
 g - 2 potions of mutation
 i - 6 potions of cancellation
 j - 9 potions of curing
 o - a potion of lignification
 r - 5 potions of flight
 x - a potion of ambrosia
 A - a potion of agility
 C - 4 potions of heal wounds
 D - a potion of magic
 G - a potion of brilliance
 K - a potion of might
Comestibles
 f - 22 rations


   Skills:
 + Level 11.4 Fighting
 * Level 15.0 Long Blades
 + Level 11.5 Armour
   Level 3.6 Shields
 * Level 8.5 Invocations


You had 11 spell levels left.
You didn't know any spells.
Your spell library contained the following spells:

 Spells                   Type           Power        Failure   Level  Hunger
 Apportation              Tloc           #.....       94%         1    ##.....
 Confuse                  Hex            #.......     100%        3    ####...
 Mephitic Cloud           Conj/Pois/Air  #.......     100%        3    ####...
 Venom Bolt               Conj/Pois      #.........   100%        5    ######.
 Olgreb's Toxic Radiance  Pois           #.......     100%        4    #####..
 Summon Small Mammal      Summ           #...         94%         1    ##.....
 Animate Skeleton         Necr           N/A          94%         1    ##.....
 Sting                    Conj/Pois      #...         94%         1    ##.....
 Confusing Touch          Hex            #.....       94%         1    ##.....
 Metabolic Englaciation   Hex/Ice        #.........   100%        5    ######.
 Petrify                  Tmut/Erth      #.......     100%        4    #####..
 Gell's Gravitas          Tloc           #.........   100%        3    ####...
 Yara's Violent Unravell  Hex/Tmut       #.........   100%        5    ######.
 Poisonous Vapours        Pois/Air       #.....       98%         2    ###....


Dungeon Overview and Level Annotations

Branches:
Dungeon (11/15)            Temple (1/1) D:7            Lair (3/6) D:11
 Shoals (0/4) Lair:3
  Snake: Lair:2-4    Spider: Lair:2-4       Orc: D:9-12

Altars:
Ashenzari
Cheibriados
Dithmenos
Elyvilon
Fedhas
Gozag
Hepliaklqana
Kikubaaqudgha
Makhleb
Nemelex Xobeh
Okawaru
Qazlal
Ru
Sif Muna
Trog
Uskayaw
Vehumet
Wu Jian
Xom
Yredelemnul
Zin
The Shining One
Beogh

Shops:
D:5 }*

Annotations:
D:8 3 runed doors, Mgcat's ghost, novice HOGl
Lair:3 Sonja


Innate Abilities, Weirdness & Mutations

You reflexively headbutt those who attack you in melee.
You have a pair of horns on your head.


Message History

Sonja is lightly wounded.
You feel very sick. Sonja barely misses you. Sonja hits you but does no damage.
You blink.
You feel very sick. Sonja barely misses you. Sonja hits you but does no damage.
Space warps horribly around you!
* * * LOW HITPOINT WARNING * * *
Sonja hits you but does no damage. Space bends around you.
* * * LOW HITPOINT WARNING * * *
Sonja hits you but does no damage. x2; Space bends around you.
* * * LOW HITPOINT WARNING * * *
Sonja hits you but does no damage.
You blink.
* * * LOW HITPOINT WARNING * * *
You feel very sick.
Sonja unwields an uncursed dagger of distortion.
Its appearance distorts for a moment.
Sonja wields an uncursed blowgun.
Sonja shoots a curare-tipped needle.
The curare-tipped needle hits you.
You are more poisoned.
You have difficulty breathing.
You die...

... #...# ....##
###### ###....P#
..##PPP.###P#.....#
.....P..@.........#
.................##.
....................
............K.......
...#..#..#..ยง.......
.# ########.(..##..#
.........# #.(..#
.........# ##(>..#
..P...PP.# #..(..# ..


You could see Sonja.

Vanquished Creatures
  Josephine (D:11)
  A hydra (Lair:3)
  A two-headed ogre (D:10)
  Urug (D:11)
  An unseen horror (D:11)
  Pikel (D:8)
  An ugly thing (D:11)
  A black mamba (Lair:3)
  6 spiny frogs
  A troll (D:11)
  A tengu conjurer (D:11)
  A hornet (D:10)
  6 hippogriffs
  Prince Ribbit (D:7)
  3 wraiths (D:11)
  11 yaks
  A hungry ghost (D:11)
  Grum (D:9)
  A steam dragon (D:10)
  A warg (D:6)
  2 water moccasins
  Duvessa (D:5)
  4 orc warriors
  2 hell hounds (D:11)
  3 porcupines
  3 ice beasts
  The ghost of Enish the Chopper, an amateur NaCK of Xom (D:6)
  2 black bears
  A phantom (D:11)
  3 sky beasts (D:6)
  A slave (D:8)
  4 wolves (D:9)
  5 ogres
  3 centaurs
  6 crocodiles
  4 big kobolds
  8 bullfrogs
  A wyvern zombie (D:8)
  A gnoll sergeant (D:8)
  A water moccasin zombie (D:9)
  A wyvern skeleton (D:8)
  Dowan (D:5)
  12 scorpions
  4 killer bees (D:10)
  5 wights (D:9)
  5 howler monkeys
  An electric eel (Lair:1)
  2 crimson imps
  3 centaur zombies
  3 hounds
  7 orc priests
  A human zombie (Ossuary)
  11 orc wizards
  3 bullfrog skeletons
  2 jellies (D:6)
  2 iguanas
  5 worker ants
  2 killer bee zombies
  4 big kobold zombies (Ossuary)
  A hound zombie (D:7)
  A hound skeleton (D:4)
  4 mummies
  2 worker ant zombies
  20 gnolls
  5 scorpion zombies (Ossuary)
  10 adders
  2 shadow imps
  5 oozes
  An adder skeleton (D:5)
  3 worms
  5 leopard geckos
  38 orcs
  A ball python (D:5)
  6 giant cockroaches
  34 goblins
  29 hobgoblins
  7 jackals
  20 kobolds
  6 quokkas
  6 bats
  A frilled lizard (D:4)
  A goblin zombie (Ossuary)
  A hobgoblin zombie (Ossuary)
  A kobold zombie (Ossuary)
  A leopard gecko skeleton (D:5)
  An orc zombie (Ossuary)
  2 quokka skeletons
  A quokka zombie (D:7)
  5 rats (D:3)
  A plant (D:9)
393 creatures vanquished.

Vanquished Creatures (others)
  A slave (D:11)
  A bullfrog (D:8)
  An adder (D:8)
  A quokka (D:9)
  2 fungi
6 creatures vanquished.

Grand Total: 399 creatures vanquished

Notes
Turn   | Place    | Note
-------+----------+-------------------------------------------
     0 | D:1      | kae the Minotaur Fighter began the quest for the Orb.
     0 | D:1      | Reached XP level 1. HP: 19/19 MP: 0/0
   277 | D:1      | Reached skill level 3 in Long Blades
   277 | D:1      | Reached XP level 2. HP: 23/27 MP: 1/1
   764 | D:2      | Reached XP level 3. HP: 27/33 MP: 2/2
  1014 | D:2      | Found a hide-covered altar of Uskayaw.
  1177 | D:2      | Reached skill level 4 in Long Blades
  1197 | D:2      | Reached XP level 4. HP: 34/40 MP: 3/3
  2210 | D:3      | Reached XP level 5. HP: 35/47 MP: 4/4
  2324 | D:3      | Found a faded altar of an unknown god.
  2375 | D:3      | Reached skill level 5 in Long Blades
  2381 | D:3      | Reached skill level 5 in Armour
  2902 | D:3      | Reached skill level 5 in Fighting
  3039 | D:3      | Reached XP level 6. HP: 43/56 MP: 5/5
  3047 | D:3      | Reached skill level 6 in Long Blades
  3559 | D:3      | Reached XP level 7. HP: 33/62 MP: 6/6
  4055 | D:4      | Reached skill level 7 in Long Blades
  4381 | D:4      | Found Zaaleost's General Store.
  5217 | D:5      | Entered Level 5 of the Dungeon
  5226 | D:5      | Reached skill level 8 in Long Blades
  5239 | D:5      | Reached XP level 8. HP: 57/71 MP: 7/7
  5336 | D:5      | Found Ekhir's Assorted Antiques.
  5352 | D:5      | Bought a red potion for 24 gold pieces
  5352 | D:5      | Bought a red potion for 24 gold pieces
  5352 | D:5      | Bought a red potion for 24 gold pieces
  5352 | D:5      | Bought a scroll labeled CEERPH MEOMO for 27 gold pieces
  5364 | D:5      | Got a scorched scimitar
  5367 | D:5      | Identified the cursed +1 scimitar "Loopy" {freeze, rPois Dex+2} (You found it on level 5 of the Dungeon)
  5368 | D:5      | Noticed Dowan
  5368 | D:5      | Noticed Duvessa
  5377 | D:5      | Killed Duvessa
  5384 | D:5      | Killed Dowan
  5400 | D:5      | Found a sand-covered staircase.
  5408 | Ossuary  | Entered an ossuary
  5437 | Ossuary  | Reached skill level 9 in Long Blades
  5810 | D:5      | Found Wiveg's Gadget Boutique.
  5853 | D:5      | Reached skill level 10 in Long Blades
  5984 | D:5      | Found an iron altar of Okawaru.
  6092 | D:6      | Identified a scroll of acquirement
  6108 | D:6      | Reached XP level 9. HP: 81/81 MP: 8/8
  6296 | D:6      | Reached skill level 11 in Long Blades
  6406 | D:6      | Found a runed gate.
  6406 | D:6      | Noticed Enish's ghost (amateur NaCK)
  6407 | D:6      | Found a runed gate.
  6408 | D:6      | Found a runed gate.
  6410 | D:6      | Found a roughly hewn altar of Beogh.
  6800 | D:6      | Killed Enish's ghost
  6924 | D:7      | Found a staircase to the Ecumenical Temple.
  6937 | D:7      | Noticed Prince Ribbit
  6940 | D:7      | Killed Prince Ribbit
  6958 | Temple   | Entered the Ecumenical Temple
  7093 | Temple   | Became a worshipper of Makhleb the Destroyer
  7160 | D:7      | Found a deep blue altar of Sif Muna.
  7309 | D:7      | Found a glowing golden altar of the Shining One.
  7310 | D:7      | Found a blossoming altar of Fedhas.
  7310 | D:7      | Found a glowing silver altar of Zin.
  7314 | D:7      | Found a shattered altar of Ashenzari.
  7516 | D:7      | Found a hazy altar of Hepliaklqana.
  7712 | D:7      | Reached skill level 12 in Long Blades
  7761 | D:8      | Reached skill level 1 in Invocations
  7783 | D:8      | Noticed Pikel
  7792 | D:8      | Killed Pikel
  7792 | D:8      | Reached XP level 10. HP: 87/91 MP: 8/10
  7793 | D:8      | Found a runed gate.
  7794 | D:8      | Found a runed gate.
  7795 | D:8      | Found a runed gate.
  7796 | D:8      | Noticed Mgcat's ghost (novice HOGl)
  8070 | D:8      | Found a bloodstained altar of Trog.
  8097 | D:8      | Reached * piety under Makhleb
  8911 | D:9      | Found a white marble altar of Elyvilon.
  8966 | D:9      | Found a sacrificial altar of Ru.
  9153 | D:9      | Noticed Grum
  9164 | D:9      | Killed Grum
  9202 | D:9      | Reached skill level 10 in Armour
  9843 | D:10     | Entered Level 10 of the Dungeon
  9935 | D:10     | Reached skill level 10 in Fighting
  9935 | D:10     | Reached skill level 13 in Long Blades
  9999 | D:10     | Reached ** piety under Makhleb
 10149 | D:10     | Noticed a two-headed ogre
 10157 | D:10     | Reached skill level 5 in Invocations
 10162 | D:10     | Killed a two-headed ogre
 10169 | D:10     | Reached XP level 11. HP: 100/100 MP: 12/14
 10457 | D:11     | Killed an unseen horror
 10643 | D:11     | Found a staircase to the Lair.
 10669 | D:11     | Noticed a red ugly thing
 10948 | D:11     | Noticed Urug
 10958 | D:11     | Killed Urug
 11052 | D:11     | Noticed Josephine
 11062 | D:11     | Killed Josephine
 11062 | D:11     | Reached skill level 14 in Long Blades
 11200 | D:11     | Killed a red ugly thing
 11577 | Lair:1   | Entered Level 1 of the Lair of Beasts
 11601 | Lair:1   | Reached *** piety under Makhleb
 11951 | Lair:1   | Found a blossoming altar of Fedhas.
 12156 | Lair:1   | Reached XP level 12. HP: 110/110 MP: 16/16
 13301 | Lair:3   | Noticed an eight-headed hydra
 13396 | Lair:3   | Killed an eight-headed hydra
 13396 | Lair:3   | Reached skill level 15 in Long Blades
 13403 | Lair:3   | Found a stormy altar of Qazlal.
 13441 | Lair:3   | Found a staircase to the Shoals.
 13446 | Lair:3   | Noticed Sonja
 13458 | Lair:3   | Asphyxiated

Vault maps used:
D:1:      minmay_arrival_four_loops
D:2:      lemuel_upstairs_altar, nicolae_overflow_crystal_walls,
          chequers_big_river
D:3:      minmay_goblin_kobold_castle, chequers_ecumenical_altar_island,
          first_ration
D:4:      serial_shops, nicolae_shop_stone, minmay_bent
D:5:      serial_shops, kennysheep_mini_moat, nicolae_shop_overgrown_old_shop,
          gup_ossuary_entry_pyramid, okawaru_altar_gauntlet_db, uniq_duvessa
D:6:      biasface_ghost_orc_armoury, corexii_shack, corexii_checkpoint_a
D:7:      led_sif_book, lemuel_doored_altar,
          chequers_temple_overflow_statue_of_worship, minmay_temple_entry_mist,
          grunt_ministairs_1, uniq_prince_ribbit1
D:8:      old_standard_altar, gammafunk_ghost_spectres, uniq_pikel
D:9:      elyvilon_altar_4, nicolae_ru_the_path_less_chosen, uniq_grum
D:11:     minmay_lair_entry_lava, grunt_tengu_nest, minmay_radiant, uniq_urug,
          uniq_josephine
Temple:   hc_temple_tempest_star
Lair:1:   basic_altar, wad_woods_river_03, grunt_megastairs_5
Lair:3:   shoals_dummy_entry, basic_altar, uniq_sonja
Ossuary:  ossuary_minmay_scorpions

Skill      XL: |  1  2  3  4  5  6  7  8  9 10 11 12 |
---------------+-------------------------------------+-----
Long Blades    | 3 4 5 6 8 10 12 13 14 15 | 15.0
Fighting       | 4 5 6 7 9 10 11 | 11.4
Armour         | 4 5 6 8 9 10 11 | 11.5
Invocations    | 2 5 7 8 |  8.5
Shields        | |  3.6

Action                   |  1- 3 |  4- 6 |  7- 9 | 10-12 || total
-------------------------+-------+-------+-------+-------++-------
Melee: Long sword        |    70 |   133 |       |       ||   203
       Headbutt          |     8 |    25 |    68 |    75 ||   176
       Falchion          |       |    43 |   140 |       ||   183
       Scimitar          |       |       |   144 |       ||   144
       Double sword      |       |       |   115 |   381 ||   496
Invok: Minor Destruction |       |       |       |     2 ||     2
       Lesser Servant of |       |       |       |     1 ||     1
Evoke: Wand              |       |       |       |     2 ||     2
  Use: Scroll            |       |     7 |    16 |     5 ||    28
       Potion            |       |     4 |     1 |     1 ||     6
  Eat: Chunk             |       |     8 |     9 |    12 ||    29
       Ration            |       |       |     3 |     2 ||     5
Armor: Scale mail        |    53 |    84 |    31 |       ||   168
       Chain mail        |       |       |   159 |   218 ||   377
Dodge: Dodged            |    28 |    67 |    95 |    94 ||   284
Block: Shield            |    44 |    97 |   127 |       ||   268
       Rpst.: Long sword |    12 |    10 |       |       ||    22
       Falchion          |       |     1 |     8 |       ||     9
       Scimitar          |       |       |    13 |       ||    13
       Double sword      |       |       |    14 |    23 ||    37

Table legend:
 A = Spawn XP
 B = Non-spawn XP
 C = Spawn XP percentage of total XP
 D = Spawn monster count
 E = Non-spawn monster count
 F = Spawn count percentage of total count
 G = Total turns spent on level
                    A         B        C        D         E        F      G
               +---------+---------+-------+---------+---------+-------+---------
         Total |       0 |   25782 |   0.0 |       0 |     391 |   0.0 | 13458
               +---------+---------+-------+---------+---------+-------+---------
           D:1 |       0 |      16 |   0.0 |       0 |       9 |   0.0 |   587
           D:2 |       0 |      88 |   0.0 |       0 |      24 |   0.0 |  1695
           D:3 |       0 |     772 |   0.0 |       0 |      89 |   0.0 |  1881
           D:4 |       0 |     348 |   0.0 |       0 |      22 |   0.0 |  1054
           D:5 |       0 |     735 |   0.0 |       0 |      28 |   0.0 |   501
           D:6 |       0 |    1993 |   0.0 |       0 |      42 |   0.0 |   769
           D:7 |       0 |     661 |   0.0 |       0 |      17 |   0.0 |   753
           D:8 |       0 |    1782 |   0.0 |       0 |      24 |   0.0 |  1139
           D:9 |       0 |    1646 |   0.0 |       0 |      28 |   0.0 |   947
          D:10 |       0 |    3168 |   0.0 |       0 |      25 |   0.0 |   584
          D:11 |       0 |    5823 |   0.0 |       0 |      22 |   0.0 |  1150
        Lair:1 |       0 |    4256 |   0.0 |       0 |      21 |   0.0 |   937
        Lair:2 |       0 |    2109 |   0.0 |       0 |      11 |   0.0 |   798
        Lair:3 |       0 |    1627 |   0.0 |       0 |       4 |   0.0 |   146
       Ossuary |       0 |     758 |   0.0 |       0 |      25 |   0.0 |   369
               +---------+---------+-------+---------+---------+-------+---------
